 Seeded DCSS version 0.31.0-11-ge490571c62 (webtiles) character file.

Game seed: 2 (custom seed)

63 Kazon the Changeling (level 4, -8/28 HPs)
             Began as an Octopode Shapeshifter on Jan 26, 2024.
             Mangled by an ogre
             ... wielding a +0 giant club
              (23 damage)
             ... on level 2 of the Dungeon on Jan 29, 2024.
             The game lasted 00:04:35 (1106 turns).

Kazon the Changeling (Octopode Shapeshifter)        Turns: 1106, Time: 00:04:36

Health: -8/28      AC:  5    Str: 13    XL:     4   Next: 9%
Magic:  0/4        EV: 13    Int: 12    God:
Gold:   107        SH:  0    Dex: 13    Spells: 3/3 levels left

rFire   . .          .
                       - Unarmed
rCold   . . .        (no shield)
rNeg    . . .        (helmet currently unavailable)
rPois   .            j - amulet of guardian spirit
rElec   .            k - +4 ring of slaying
rCorr   .            o - +4 ring of protection
SInv    .            (no ring)
Will    .....        (no ring)
Stlth   +++          (no ring)
HPRegen 0.24/turn    (no ring)
MPRegen 0.09/turn    (no ring)
                     (no ring)

%: guardian spirit
@: beast-form
A: beast (slay +2), almost no armour, amphibious, 8 rings, camouflage 1,
gelatinous body 1, (nimble swimmer 1), tentacles
a: Begin Untransformation


You were on level 2 of the Dungeon.
You were a hulking beast.
You visited 1 branch of the dungeon, and saw 3 of its levels.

You collected 107 gold pieces.

Inventory:

Hand Weapons
 d - a +0 dagger of venom
Missiles
 e - 18 stones (quivered)
 p - 6 poisoned darts
Jewellery
 j - an amulet of guardian spirit (around mantle)
 k - a +4 ring of slaying (left tentacle)
 o - a +4 ring of protection (right tentacle)
Talismans
 b - a beast talisman
 c - a flux talisman
Scrolls
 g - a scroll of poison {unknown}
 h - a scroll of immolation {unknown}
 i - 2 scrolls of identify {unknown}
 n - a scroll of teleportation {unknown}
 q - a scroll of enchant armour {unknown}
Potions
 a - a potion of lignification
 f - a potion of enlightenment {unknown}
 l - 2 potions of mutation {unknown}
 m - 2 potions of might {unknown}
 r - 2 potions of attraction {unknown}


   Skills:
 * Level 1.3 Fighting
 * Level 0.6 Short Blades
 * Level 0.7 Throwing
 * Level 2.1 Dodging
 + Level 0.9 Stealth
 - Level 3.4 Unarmed Combat
 * Level 3.7 Shapeshifting


You had 3 spell levels left.
You didn't know any spells.
Your spell library was empty.

Dungeon Overview and Level Annotations

Branches:
Dungeon (3/15)

Altars:

Shops:
D:2 (


Innate Abilities, Weirdness & Mutations

You are a hulking beast.
Your limbs bulge with bestial killing power. (Slay +2)
You cannot wear most types of armour.
You are amphibious.
You can wear up to eight rings at the same time.
Your skin changes colour to match your surroundings (Stealth+).
Your rubbery body absorbs attacks. (AC +1, EV +1)
((You are camouflaged when in or above water. (Stealth+)))
You have tentacles for arms and can constrict up to eight enemies at once.


Message History

Found a gold piece.
Found 9 gold pieces.
Found a potion of brilliance.
Found a stone staircase leading up.
The endoplasm quivers.
An ogre and a rat come into view.
A goblin comes into view. It is wielding a +0 club.
The ogre shouts!
The rat squeaks loudly.
You hear an angry hiss.
The endoplasm hits you but does no damage.
A dart slug comes into view.
You hear a shout!
The goblin shouts!
You bludgeon the endoplasm!
You kill the endoplasm!
You hear an angry hiss.
An orc comes into view. It is wielding a +0 mace.
The goblin unwields a +0 club.
The goblin wields a +0 sling.
The goblin shoots a sling bullet.
The sling bullet hits you.
There is a stone staircase leading up here.
You bludgeon the rat!
You kill the rat!
The ogre hits you with a +0 giant club.
You climb upwards.
There is a stone staircase leading down here.
You tentacle-slap the ogre.
The ogre is moderately wounded.
The ogre hits you with a +0 giant club!
Ouch! That really hurt!
You barely miss the ogre.
The ogre is moderately wounded.
You tentacle-slap the ogre.
The ogre is moderately wounded.
The ogre closely misses you.
You bludgeon the ogre!
The ogre is severely wounded.
You tentacle-slap the ogre.
The ogre is almost dead.
The ogre hits you with a +0 giant club!!
Ouch! That really hurt!
You die...

#.......# ##..........## #.....
#.......# ####.###########.>...
#.......#######...# #.........
#.................#####.###.####
#.......#########.......###.####
#.......# ######.####..........
############...........####.####
######## ##...#####.###### #.# #
.......###..###.hO.).....###.# #
.......#...###............##.# #
.........####..............#.####
.......### #....................
.......# #............<.#.#...
.......# #..............#.#...
######## #..............#.#...
##............#......
##..................


You could see an ogre.

Vanquished Creatures
  3 adders (D:2)
  A dart slug (D:1)
  A ribbon worm (D:2)
  2 ball pythons (D:1)
  2 bats
  6 endoplasms
  6 goblins
  A hobgoblin (D:1)
  3 quokkas (D:1)
  A frilled lizard (D:2)
  2 kobolds
  2 rats
30 creatures vanquished.

Notes
Turn   | Place    | Note
-------+----------+-------------------------------------------
     0 | D:1      | Kazon the Octopode Shapeshifter began the quest for the
                  | Orb.
     0 | D:1      | Reached XP level 1. HP: 13/13 MP: 1/1
    49 | D:1      | Reached XP level 2. HP: 18/18 MP: 2/2
   680 | D:2      | Reached XP level 3. HP: 23/23 MP: 3/3
   704 | D:2      | Found Weaqack's Weapon Shop.
   881 | D:2      | Reached XP level 4. HP: 28/28 MP: 4/4
  1090 | D:3      | Noticed an ogre
  1106 | D:2      | Mangled by an ogre

Illustrated notes

Levels and vault maps discovered:
D:1:      lightli_arrival_noodles, layout_loops_ring, skrybe_limestone_x
D:2:      layout_rooms, serial_shops, shop
D:3:      layout_basic, xom_redecorated, serial_shops, nicolae_shop_stone

Action                     |  1- 3 |  4- 6 || total
---------------------------+-------+-------++-------
  Melee: Unarmed           |    13 |    11 ||    24
         Constrict         |    10 |     1 ||    11
         Tentacles         |     4 |     1 ||     5
         Dagger            |    28 |       ||    28
    Use: Potion            |     1 |       ||     1
   Stab: Sleeping          |     5 |     1 ||     6
 Armour: Skin              |    12 |     6 ||    18
  Dodge: Dodged            |    13 |     1 ||    14
